AoeStats.net
578 live
← back

Nomad

503190071Analyzed
2v2 RM · 18h ago on Aug 30, 2026· 31m 9s· 4 players
Game mode
Random Map
Map size
176×176
Population
200
Speed
Normal
Resources
Standard
Victory
Conquest
Starting age
Dark Age
Ending age
Imperial Age
RankedLock teamsTeams togetherTeam positionsShared explorationLock speedFull tech treeHidden civsTurbo modeCheats
Victory
Defeat
🇩🇪 Italians · Germany
1244
+15
🇩🇪 Persians · Germany
1238
+16
🇫🇷 Magyars · France
1242
-16
🇵🇱 Huns · Poland
1214
-15
Bodziu
2:43 Loom
12:32 Feudal Age
18:14 Castle Age
19:28 Double-Bit Axe
19:30 Gold Mining
19:34 Horse Collar
21:53 Forging
23:50 Fletching
24:17 Husbandry
24:58 Bodkin Arrow
25:23 Bloodlines
25:56 Scale Barding Armor
26:49 Chain Barding Armor
29:34 Iron Casting
Bug Spencer
4:10 Loom
12:43 Feudal Age
16:38 Town Watch
17:41 Castle Age
17:54 Stone Mining
18:55 Fletching
19:02 Gold Mining
19:04 Double-Bit Axe
19:05 Horse Collar
20:42 Bodkin Arrow
20:43 Padded Archer Armor
22:21 Pikeman
27:00 Scale Mail Armor
A_quip
3:57 Loom
11:13 Feudal Age
14:41 Castle Age
15:08 Bloodlines
15:14 Gold Mining
16:00 Scale Barding Armor
17:01 Double-Bit Axe
28:48 Gold Shaft Mining
30:11 Chain Barding Armor
theissen
2:49 Loom
11:17 Feudal Age
13:29 Double-Bit Axe
15:09 Gold Mining
15:29 Castle Age
15:32 Stone Mining
16:57 Fletching
18:05 Fishing Lines
25:20 Wheelbarrow
25:50 Bodkin Arrow
27:59 Ballistics
28:01 Padded Archer Armor
29:36 Gillnets
30:05 Treadmill Crane
Connection lost

Rejoining the realm…

Still unreachable

The connection could not be restored.

Session expired

The server has moved on; the page needs a fresh start.